 Dungeon Crawl Stone Soup version 0.20.1-1-g8b1a95d (webtiles) character file.

3651 Nattfarinn the Spear-Bearer (level 10, -5/56 HPs)
             Began as a Gargoyle Berserker on Aug 5, 2017.
             Was an Elder of Trog.
             Slain by an orc warrior
             ... wielding a +0 war axe
              (13 damage)
             ... on level 8 of the Dungeon.
             The game lasted 00:14:34 (6696 turns).

Nattfarinn the Spear-Bearer (Gargoyle Berserker)    Turns: 6696, Time: 00:14:34

Health: -5/56      AC: 19    Str: 22    XL:     10   Next: 12%
Magic:  10/10      EV: 18    Int: 10    God:    Trog [****..]
Gold:   425        SH:  0    Dex: 15    Spells: 9/9 levels left

rFire    + . .     SeeInvis .   x - +2 scythe (protect)
rCold    x . .     Gourm    .   (shield currently unavailable)
rNeg     + + .     Faith    .   b - +0 leather armour "Mubb" {rF+ rC- Int+3 Dex+3}
rPois    ∞         Spirit   .   B - +0 helmet
rElec    +         Reflect  .   h - +0 cloak
rCorr    .         Harm     .   (no gloves)
MR       .....                  (no boots)
Stlth    +++.......             (no amulet)
Regen    0.2/turn               M - +3 ring of evasion
MPRegen  0.2/turn               F - ring of positive energy

@: protection aura
A: negative energy resistance 1, electricity resistance, unbreathing,
petrification resistance, rot immunity, AC +7
a: Berserk, Trog's Hand, Brothers in Arms, Burn Spellbooks, Renounce Religion


You were on level 8 of the Dungeon.
You worshipped Trog.
Trog was greatly pleased with you.
You were hungry.

You visited 1 branch of the dungeon, and saw 8 of its levels.
You also visited: Ossuary.

You collected 425 gold pieces.

Inventory:

Hand Weapons
 q - a +2 mace of protection
 x - a +2 scythe of protection (weapon)
Armour
 b - the +0 leather armour "Mubb" (worn) {rF+ rC- Int+3 Dex+3}
   (You found it on level 5 of the Dungeon)

   It affects your intelligence (+3).
   It affects your dexterity (+3).
   It protects you from fire.
   It makes you vulnerable to cold.
 h - a +0 cloak (worn)
 t - a +0 chain mail
 B - a +0 helmet (worn)
Jewellery
 C - an uncursed ring of resist corrosion
 F - a ring of positive energy (right hand)
 I - a +2 ring of dexterity
 M - a +3 ring of evasion (left hand)
Wands
 a - a wand of digging (6/24)
 w - a wand of polymorph (8/24)
 E - a wand of paralysis (9/24)
Scrolls
 d - 4 scrolls of recharging {unknown}
 i - 11 scrolls of teleportation
 j - 3 scrolls of enchant armour {unknown}
 p - 18 scrolls of identify {unknown}
 r - 2 scrolls of enchant weapon {unknown}
 v - 2 scrolls of random uselessness {unknown}
 y - 3 scrolls of remove curse
 D - a scroll of summoning {unknown}
 L - a scroll of torment {unknown}
 P - a scroll of magic mapping {unknown}
Potions
 e - a potion of invisibility {unknown}
 f - 4 potions of haste
 g - 2 potions of brilliance {unknown}
 k - 3 potions of flight {unknown}
 l - a potion of magic {unknown}
 m - 3 potions of lignification {unknown}
 n - 4 potions of heal wounds {unknown}
 o - 6 potions of curing {unknown}
 z - 2 potions of cancellation {unknown}
 A - 2 potions of might {unknown}
 G - 2 potions of mutation {unknown}
 H - a potion of agility {unknown}
 J - a potion of degeneration {unknown}
 K - 3 potions of ambrosia {unknown}
 N - a potion of berserk rage {unknown}
Comestibles
 c - 9 bread rations
 s - 4 meat rations
 u - 4 royal jellies
 O - 3 fruits


   Skills:
 - Level 3.2 Fighting
 - Level 3.0 Maces & Flails
 - Level 10.5 Polearms
 + Level 4.2 Armour
 - Level 5.0 Dodging
 - Level 5.3 Stealth


You had 9 spell levels left.
You didn't know any spells.

Dungeon Overview and Level Annotations

Branches:
Dungeon (8/15)             Temple (0/1) D:7            Lair (0/6) D:8

Altars:
Cheibriados
Dithmenos
Elyvilon
Makhleb
Okawaru
Sif Muna


Innate Abilities, Weirdness & Mutations

You are resistant to torment.
Your stone body is resilient. (AC +7)
You are immune to poison.
You resist negative energy. (rN+)
You are resistant to electric shocks. (rElec)
You can survive without breathing.
You are immune to petrification.
You are immune to rotting.


Message History

Your ogre barely misses the orc warrior.
You closely miss the leopard gecko.
The orc priest casts a cantrip, but nothing happens.
The leopard gecko bites you but does no damage.
Your ogre barely misses the orc warrior.
The orc warrior hits your ogre with a war axe!
Your ogre dies!
Your ogre's corpse disappears in a puff of smoke!
The orc priest mumbles some strange prayers to Beogh against you.
Beogh smites you!
* * * LOW HITPOINT WARNING * * *
The leopard gecko misses you.
You slash the leopard gecko!
You kill the leopard gecko!
Trog accepts your kill.
You are too injured to fight recklessly!
You fail to use your ability.
You fail to use your ability.
The orc warrior hits you with a war axe!
You die...

#. #.## . #.#. ..
#.#.#####.# #.
#.#.......#...
########### #. .....
....# ..........#
#.###.##......
#########.# #.@oo)...#
###### #.# ####...#.#
...(.# #.# #.#.# #
.....# #.# #.#.# .....#
#.# #.#.. ###### #.#####
#.#### # #.....# #.#
#############.# #.#
#...........#.####.#####


You could see an orc warrior and an orc priest.

Vanquished Creatures
  Erica (D:8)
  A hornet (D:8)
  The ghost of Nattfarinn the Ducker, an amateur GrBe of Trog (D:3)
  A wraith (Ossuary)
  Sigmund (D:3)
  An ice beast (D:5)
  A black bear (D:8)
  A phantom (D:7)
  A necrophage (D:7)
  2 ogres (D:8)
  2 centaurs
  2 bullfrogs (D:7)
  Blork the orc (D:5)
  A gnoll sergeant (D:8)
  A water moccasin zombie (D:8)
  2 killer bees (D:8)
  A howler monkey (D:4)
  A crimson imp (D:6)
  3 hounds
  3 jellies
  3 orc priests
  Crazy Yiuf (D:5)
  2 bullfrog skeletons
  A centaur skeleton (D:6)
  Jessica (D:2)
  Terence (D:2)
  An iguana (D:5)
  Natasha (D:3)
  3 worker ants
  A hound skeleton (D:4)
  3 mummies (Ossuary)
  7 gnolls
  A howler monkey skeleton (D:8)
  10 adders
  2 shadow imps
  2 oozes
  2 adder zombies
  A worm (D:4)
  10 leopard geckos
  13 orcs
  4 bats
  2 giant cockroaches
  A gnoll zombie (Ossuary)
  6 goblins
  4 hobgoblins
  9 jackals
  4 kobolds
  6 quokkas
  4 frilled lizards
  3 goblin zombies (Ossuary)
  3 hobgoblin zombies (Ossuary)
  4 kobold zombies (Ossuary)
  A leopard gecko zombie (D:6)
  A quokka skeleton (D:8)
  6 rats
152 creatures vanquished.

Vanquished Creatures (collateral kills)
  3 wargs (D:8)
  2 killer bees (D:8)
  2 orc priests (D:8)
  An orc wizard (D:8)
  4 orcs (D:8)
12 creatures vanquished.

Vanquished Creatures (others)
  A goblin zombie (Ossuary)
1 creature vanquished.

Grand Total: 165 creatures vanquished

Notes
Turn   | Place    | Note
-------+----------+-------------------------------------------
     0 | D:1      | Nattfarinn the Gargoyle Berserker began the quest for the Orb.
     0 | D:1      | Reached XP level 1. HP: 14/14 MP: 1/1
   190 | D:1      | Reached skill level 1 in Stealth
   399 | D:1      | Reached XP level 2. HP: 19/19 MP: 2/2
   735 | D:2      | Reached XP level 3. HP: 11/23 MP: 3/3
  1071 | D:2      | Reached ** piety under Trog
  1085 | D:2      | Reached XP level 4. HP: 21/28 MP: 4/4
  1278 | D:2      | Noticed Jessica
  1291 | D:2      | Killed Jessica
  1633 | D:2      | Noticed Terence
  1672 | D:2      | Killed Terence
  1672 | D:2      | Reached skill level 5 in Stealth
  1672 | D:2      | Reached XP level 5. HP: 11/32 MP: 5/5
  1769 | D:3      | Found a faded altar of an unknown god.
  1898 | D:3      | Noticed Nattfarinn's ghost (amateur GrBe)
  2160 | D:3      | Noticed Natasha
  2171 | D:3      | Killed Natasha
  2248 | D:3      | Killed Nattfarinn's ghost
  2248 | D:3      | Reached XP level 6. HP: 37/37 MP: 6/6
  2583 | D:3      | Noticed Sigmund
  2592 | D:3      | Killed Sigmund
  2592 | D:3      | Reached skill level 5 in Dodging
  2592 | D:3      | Reached XP level 7. HP: 41/41 MP: 7/7
  2640 | D:3      | Found a shadowy altar of Dithmenos.
  2643 | D:3      | Found a snail-covered altar of Cheibriados.
  2647 | D:3      | Found an iron altar of Okawaru.
  2654 | D:3      | Found a deep blue altar of Sif Muna.
  2656 | D:3      | Found a burning altar of Makhleb.
  2912 | D:4      | Reached skill level 1 in Polearms
  3048 | D:4      | Reached skill level 2 in Polearms
  3336 | D:5      | Entered Level 5 of the Dungeon
  3420 | D:5      | Reached *** piety under Trog
  3420 | D:5      | Reached skill level 3 in Polearms
  3450 | D:5      | Reached XP level 8. HP: 42/46 MP: 8/8
  3589 | D:5      | Got a twisted leather armour
  3600 | D:5      | Identified the cursed +0 leather armour "Mubb" {rF+ rC- Int+3 Dex+3} (You found it on level 5 of the Dungeon)
  3728 | D:5      | Found a runed door.
  3822 | D:5      | Noticed Blork the orc
  3834 | D:5      | Killed Blork the orc
  3834 | D:5      | Reached skill level 4 in Polearms
  4012 | D:5      | Noticed Crazy Yiuf
  4015 | D:5      | Killed Crazy Yiuf
  4164 | D:6      | Found a white marble altar of Elyvilon.
  4277 | D:6      | Reached skill level 5 in Polearms
  4454 | D:6      | Found a sand-covered staircase.
  4458 | Ossuary  | Entered an ossuary
  4458 | Ossuary  | Noticed a wraith
  4458 | Ossuary  | Noticed a wraith
  4458 | Ossuary  | Noticed a wraith
  4594 | Ossuary  | Noticed a wraith
  4599 | Ossuary  | Killed a wraith
  4599 | Ossuary  | Reached skill level 6 in Polearms
  5307 | D:7      | Reached skill level 7 in Polearms
  5312 | D:7      | Found a staircase to the Ecumenical Temple.
  5389 | D:7      | Reached **** piety under Trog
  5389 | D:7      | Reached XP level 9. HP: 40/51 MP: 9/9
  5451 | D:7      | Reached skill level 8 in Polearms
  5749 | D:8      | Found a staircase to the Lair.
  6123 | D:8      | Noticed a hornet
  6131 | D:8      | Killed a hornet
  6131 | D:8      | Reached skill level 9 in Polearms
  6253 | D:8      | Noticed Erica
  6273 | D:8      | Killed Erica
  6273 | D:8      | Reached skill level 10 in Polearms
  6273 | D:8      | Reached XP level 10. HP: 45/56 MP: 10/10
  6347 | D:8      | Found an iron altar of Okawaru.
  6696 | D:8      | Slain by an orc warrior

Skill      XL: |  1  2  3  4  5  6  7  8  9 10 |
---------------+-------------------------------+-----
Stealth        | 1 3 4 5 |  5.3
Dodging        | 3 5 |  5.0
Polearms       | 3 7 10 | 10.5
Armour         | 4 |  4.2
Fighting       | |  3.2
Maces & Flails | |  3.0

Action                   |  1- 3 |  4- 6 |  7- 9 | 10-12 || total
-------------------------+-------+-------+-------+-------++-------
Melee: Whip              |   115 |    77 |       |       ||   192
       Mace              |     6 |   113 |       |       ||   119
       Scythe            |       |       |   299 |    35 ||   334
Invok: Berserk           |       |     5 |     3 |       ||     8
       Trog's Hand       |       |     4 |       |       ||     4
       Burn Spellbooks   |       |     1 |       |       ||     1
       Brothers in Arms  |       |       |     2 |     1 ||     3
  Use: Potion            |       |     1 |       |       ||     1
       Scroll            |       |       |     2 |       ||     2
 Stab: Distracted        |       |     1 |       |       ||     1
       Sleeping          |       |       |     8 |     3 ||    11
  Eat: Chunk             |       |     6 |    10 |     2 ||    18
       Bread ration      |       |     1 |       |       ||     1
       Fruit             |       |       |     7 |     1 ||     8
Armor: Animal skin       |    43 |    49 |       |       ||    92
       Chain mail        |       |    61 |    99 |       ||   160
       Leather armour    |       |       |    72 |    16 ||    88
Dodge: Dodged            |    81 |   135 |   295 |    33 ||   544
